[Event "Titled Tuesday Blitz November 22 Early 2022"]
[White "Duda, Jan-Krzysztof"]
[Black "Jones, Gawain C B"]
[WhiteFideId "1170546"]
[BlackFideId "409561"]
[WhiteElo "2779"]
[BlackElo "2657"]
[Result "1-0"]
[Round "06"]
[TimeControl "180+1"]
[Date "2022.11.22"]
[WhiteClock "0:00:44"]
[BlackClock "0:00:02"]

1. d4 Nf6 2. Nf3 g6 3. Bf4 Bg7 4. e3 O-O 5. h3 d6 6. Be2 Nbd7 7. O-O b6 8. Bh2 Bb7 9. a4 a5 10. Nbd2 Re8 11. Nc4 Ne4 12. Nfd2 Nxd2 13. Qxd2 e5 14. dxe5 dxe5 15. Rfd1 Qg5 16. Bf1 Nc5 17. Qe1 Bc6 18. b3 h5 19. Na3 Re7 20. Nb5 Rae8 21. Rab1 Bf3 22. Rd2 Ne4 23. Rd3 Nc5 24. Rc3 Bd5 25. Rd1 Bf3 26. Rb1 Bd5 27. Rxc5 bxc5 28. Qxa5 c6 29. Nd6 Rf8 30. Qxc5 e4 31. c4 Be5 32. Bxe5 Rxe5 33. cxd5 cxd5 34. b4 Qe7 35. Nb5 Qf6 36. Nd4 Ra8 37. a5 g5 38. a6 g4 39. Qc6 Qg7 40. Qxa8+ 1-0


[Site "https://www.chess.com"]

[Event "Titled Tuesday Blitz November 22 Early 2022"]
[White "Fathy, Elameir"]
[Black "Garcia Ramos, Daniel"]
[WhiteFideId "10600396"]
[BlackFideId "32010311"]
[WhiteElo "2311"]
[BlackElo "2357"]
[Result "0-1"]
[Round "06"]
[TimeControl "180+1"]
[Date "2022.11.23"]
[WhiteClock "0:00:21"]
[BlackClock "0:00:04"]

1. d4 d5 2. c4 e6 3. Nf3 Nf6 4. g3 Bb4+ 5. Nbd2 dxc4 6. Bg2 O-O 7. Qc2 b5 8. a4 Bb7 9. axb5 Qd5 10. O-O Bxd2 11. Bxd2 Qxb5 12. Ra5 Qb3 13. Qxb3 cxb3 14. Rc1 Nc6 15. Rb5 Ba6 16. Rxb3 Ne7 17. Rxc7 Ned5 18. Rc2 Bxe2 19. Ne5 Bd1 20. Rbc3 Bxc2 21. Rxc2 Rfc8 22. Bc3 a5 23. g4 h6 24. h4 a4 25. g5 hxg5 26. hxg5 a3 27. bxa3 Rxa3 28. gxf6 Raxc3 29. Rb2 gxf6 30. Nd7 Kg7 31. Bxd5 exd5 32. Rb6 R8c6 33. Rb5 Rd6 34. Nb6 Rd3 35. Nxd5 Rxd4 36. Ne3 Kg6 37. Kg2 Rf4 38. Rb8 Rd2 39. Rg8+ Kh7 40. Rf8 Rdxf2+ 41. Kg1 Kg7 42. Re8 R2f3 43. Ng2 Rg4 44. Kh2 Rf2 0-1


[Site "https://www.chess.com"]

[Event "Titled Tuesday Blitz November 22 Early 2022"]
[White "Fernandez Hernandez, Gerardo"]
[Black "Boraso, Alessio"]
[WhiteFideId "2207400"]
[BlackFideId "848077"]
[WhiteElo "2245"]
[BlackElo "2286"]
[Result "0-1"]
[Round "06"]
[TimeControl "180+1"]
[Date "2022.11.23"]
[WhiteClock "0:00:12"]
[BlackClock "0:01:47"]

1. e4 Nf6 2. e5 Nd5 3. c4 Nb6 4. d4 d6 5. exd6 cxd6 6. Nc3 g6 7. Be3 Bg7 8. Rc1 O-O 9. b3 e5 10. dxe5 dxe5 11. Qxd8 Rxd8 12. c5 N6d7 13. Bc4 Nc6 14. Nf3 h6 15. O-O Nf8 16. Nb5 Bg4 17. Nd2 Nd4 18. f3 Be6 19. Ne4 Bxc4 20. bxc4 Ne2+ 21. Kf2 Nxc1 22. Rxc1 Ne6 23. Ned6 a6 24. Nc3 Bf8 25. Nxb7 Rdc8 26. Nd5 Nxc5 27. Nxc5 Bxc5 28. Nb6 Bxb6 29. Bxb6 Rab8 30. Rb1 Rxc4 31. Ke3 Rc6 0-1


[Site "https://www.chess.com"]

[Event "Titled Tuesday Blitz November 22 Early 2022"]
[White "Fernandez Siles, Luis"]
[Black "Goriatchkin, Jouri"]
[WhiteFideId "2209420"]
[BlackFideId "4120183"]
[WhiteElo "2186"]
[BlackElo "1910"]
[Result "1-0"]
[Round "06"]
[TimeControl "180+1"]
[Date "2022.11.23"]
[WhiteClock "0:00:21"]
[BlackClock "0:00:01"]

1. d4 d5 2. c4 Nf6 3. cxd5 Qxd5 4. Nc3 Qd8 5. e4 e6 6. Nf3 Be7 7. Bd3 b6 8. O-O O-O 9. Re1 Ba6 10. Bc2 c5 11. e5 Nd5 12. a3 Nc6 13. Ne4 Nxd4 14. Nxd4 cxd4 15. Qxd4 Rc8 16. Bb3 Bc5 17. Nxc5 bxc5 18. Qg4 Kh8 19. Bc2 c4 20. Qh5 g6 21. Qh6 Rg8 22. Bg5 Qf8 23. Qh4 f5 24. exf6 Qf7 25. Rad1 Rgd8 26. h3 c3 27. bxc3 Rxc3 28. Be4 Bb7 29. Bh6 Rc4 30. Bg7+ Kg8 31. Qg5 Rdc8 32. Bxd5 Bxd5 33. Rxd5 exd5 34. Re7 Qxe7 35. fxe7 Rc1+ 36. Kh2 Re1 37. Bf6 Kf7 38. Qh4 1-0


[Site "https://www.chess.com"]

[Event "Titled Tuesday Blitz November 22 Early 2022"]
[White "Ferreira, Vitor Hugo Vieira"]
[Black "Piesik, Piotr"]
[WhiteFideId "2119765"]
[BlackFideId "1136194"]
[WhiteElo "2168"]
[BlackElo "2316"]
[Result "1-0"]
[Round "06"]
[TimeControl "180+1"]
[Date "2022.11.23"]
[WhiteClock "0:01:08"]
[BlackClock "0:00:27"]

1. Nf3 g6 2. g3 Bg7 3. Bg2 d5 4. O-O Nf6 5. c4 c6 6. cxd5 cxd5 7. d3 O-O 8. Nc3 Nc6 9. e4 d4 10. Ne2 e5 11. h3 a5 12. Nd2 Be6 13. f4 exf4 14. gxf4 Qd7 15. f5 gxf5 16. exf5 Bxf5 17. Nf4 Ne5 18. Nf3 Rfe8 19. Nxe5 Rxe5 20. Qf3 Rae8 21. Bd2 b6 22. Rac1 Rc8 23. Rxc8+ Qxc8 24. Rc1 Rc5 25. Rf1 Rc2 26. Nh5 Nxh5 27. Qxh5 Bg6 28. Qg5 Rxb2 29. Bd5 Qxh3 30. Rxf7 Rb1+ 31. Rf1+ Kh8 32. Qd8+ 1-0


[Site "https://www.chess.com"]

[Event "Titled Tuesday Blitz November 22 Early 2022"]
[White "Garv Gaur"]
[Black "Lakshmi C"]
[WhiteFideId "45030839"]
[BlackFideId "25035347"]
[WhiteElo "1960"]
[BlackElo "1865"]
[Result "1-0"]
[Round "06"]
[TimeControl "180+1"]
[Date "2022.11.23"]
[WhiteClock "0:01:49"]
[BlackClock "0:00:01"]

1. d4 Nf6 2. Nf3 e6 3. c4 b6 4. g3 Bb7 5. Bg2 Be7 6. O-O O-O 7. Nc3 Ne4 8. Bd2 f5 9. Rc1 Bf6 10. d5 Nxd2 11. Qxd2 e5 12. e4 fxe4 13. Nxe4 d6 14. b4 a5 15. a3 Ba6 16. Rfe1 Be7 17. c5 Nd7 18. cxd6 cxd6 19. Nc3 axb4 20. axb4 Bc4 21. Ne4 b5 22. Nfg5 Ra2 23. Qe3 Qa8 24. Ne6 Re8 25. Nd2 1-0


[Site "https://www.chess.com"]

[Event "Titled Tuesday Blitz November 22 Early 2022"]
[White "Gedgafov, Chamal"]
[Black "Chuemsakul, Sarocha"]
[WhiteFideId "34130621"]
[BlackFideId "6203710"]
[WhiteElo "2067"]
[BlackElo "1686"]
[Result "0-1"]
[Round "06"]
[TimeControl "180+1"]
[Date "2022.11.23"]
[WhiteClock "0:02:39"]
[BlackClock "0:01:25"]

1. d4 Nf6 2. Nf3 g6 3. Bf4 Bg7 4. h3 d5 5. e3 c6 6. c3 O-O 7. Qb3 Qb6 8. Nbd2 Nbd7 9. Ne5 a5 10. a4 Qxb3 11. Nxb3 Nxe5 12. Bxe5 Bf5 13. Be2 Nd7 14. Bg3 Bc2 15. Nd2 Nb6 16. b3 Bf5 17. O-O h5 18. c4 Be6 19. c5 Nd7 20. Rfb1 Bf6 21. b4 axb4 22. Rxb4 Nxc5 23. Rab1 Nxa4 24. Rxb7 Nc3 25. Re1 Ra2 0-1


[Site "https://www.chess.com"]

[Event "Titled Tuesday Blitz November 22 Early 2022"]
[White "Gines Esteo, Pedro Antonio"]
[Black "Tabatabaei, M. Amin"]
[WhiteFideId "32080190"]
[BlackFideId "12521213"]
[WhiteElo "2422"]
[BlackElo "2557"]
[Result "1-0"]
[Round "06"]
[TimeControl "180+1"]
[Date "2022.11.22"]
[WhiteClock "0:00:13"]
[BlackClock "0:00:23"]

1. Nf3 c5 2. b3 Nc6 3. Bb2 d6 4. e3 e5 5. d4 cxd4 6. exd4 e4 7. d5 Nb4 8. Nfd2 Nf6 9. Bb5+ Bd7 10. Bxd7+ Qxd7 11. Bxf6 gxf6 12. Nxe4 Qe7 13. O-O O-O-O 14. Ng3 Kb8 15. a3 Qe5 16. Nd2 Na6 17. Nf3 Qc3 18. Qd4 Rc8 19. Rfe1 Rg8 20. Qxc3 Rxc3 21. Re8+ Kc7 22. Nd4 Kd7 23. Rae1 Nc7 24. Rb8 Nxd5 25. Ree8 Rg5 26. Rxf8 Kc7 27. Rbc8+ Kb6 28. Rxc3 Nxc3 29. Ngf5 d5 30. f4 Rg4 31. g3 h5 32. Kg2 Ne4 33. Rxf7 a5 34. Kf3 Rg8 35. Re7 Rc8 36. Re6+ Ka7 37. Ke2 a4 38. bxa4 Rc4 39. a5 b6 40. axb6+ Kb7 41. Rxe4 dxe4 42. Nd6+ Kxb6 43. Nxc4+ Kc5 44. Ne3 Kxd4 45. Nf5+ Kc3 46. Ne3 Kd4 47. h3 Kc3 48. g4 h4 49. g5 f5 50. g6 Kd4 51. g7 Kc5 52. g8=Q Kd4 53. Qd5+ Kc3 54. Qc4+ Kb2 55. Qb4+ Kc1 56. Qd2+ Kb1 57. c4 Ka1 58. c5 Kb1 59. c6 Ka1 60. c7 1-0


[Site "https://www.chess.com"]

[Event "Titled Tuesday Blitz November 22 Early 2022"]
[White "Ginzburg, Yakov"]
[Black "Salinas Herrera, Pablo"]
[WhiteFideId "4157176"]
[BlackFideId "3407128"]
[WhiteElo "2305"]
[BlackElo "2557"]
[Result "0-1"]
[Round "06"]
[TimeControl "180+1"]
[Date "2022.11.23"]
[WhiteClock "0:00:06"]
[BlackClock "0:00:25"]

1. d4 d5 2. Nf3 Nf6 3. c4 c6 4. Nc3 e6 5. e3 Nbd7 6. Qc2 Bd6 7. g4 Bb4 8. Rg1 Qe7 9. g5 Ne4 10. Bd3 Nxc3 11. bxc3 Ba5 12. e4 dxe4 13. Bxe4 e5 14. a4 exd4 15. Ba3 Nc5 16. Nxd4 Qxe4+ 17. Qxe4+ Nxe4 18. O-O-O c5 19. Nb3 Bxc3 20. f3 Nf2 21. Rdf1 Bb4 22. Bxb4 Nd3+ 23. Kd2 Nxb4 24. Re1+ Be6 25. Nxc5 O-O-O+ 26. Kc3 Nc6 27. Nxe6 fxe6 28. g6 hxg6 29. Rxe6 Rh3 30. Rg3 Rxh2 31. Rexg6 Rd7 32. Rxg7 Rxg7 33. Rxg7 Rh3 34. Rg8+ Kd7 35. Rg7+ Kc8 36. Rg8+ Kd7 37. Rg7+ Ne7 38. Rf7 Rh5 39. Kd4 Ra5 40. f4 Ke6 41. Rf8 Rxa4 42. Rb8 Nc6+ 0-1


[Site "https://www.chess.com"]

[Event "Titled Tuesday Blitz November 22 Early 2022"]
[White "Gjestemoen-VonHirsch, Andre"]
[Black "Ajay, Karthikeyan"]
[WhiteFideId "1539531"]
[BlackFideId "35011685"]
[WhiteElo "2198"]
[BlackElo "2337"]
[Result "0-1"]
[Round "06"]
[TimeControl "180+1"]
[Date "2022.11.23"]
[WhiteClock "0:00:02"]
[BlackClock "0:01:48"]

1. b3 e5 2. Bb2 Nc6 3. e3 Nf6 4. Bb5 Qe7 5. Nf3 e4 6. Nd4 Nxd4 7. Bxd4 a6 8. Be2 c5 9. Bb2 d5 10. c4 Be6 11. cxd5 Nxd5 12. Nc3 Nxc3 13. Bxc3 Rg8 14. Qc2 f5 15. d3 exd3 16. Bxd3 g6 17. Rc1 b5 18. O-O Rc8 19. Rfd1 Bg7 20. Qe2 Bxc3 21. Rxc3 Kf7 22. e4 f4 23. Qf3 Qf6 24. Rdc1 Qe5 25. g3 g5 26. Qh5+ Kg7 27. h4 h6 28. Bb1 c4 29. bxc4 bxc4 30. hxg5 hxg5 31. Kf1 Rh8 32. Qf3 Rcf8 0-1


[Site "https://www.chess.com"]

[Event "Titled Tuesday Blitz November 22 Early 2022"]
[White "Goldin, Alexander"]
[Black "Unat, Can Haktan"]
[WhiteFideId "2019540"]
[BlackFideId "6398073"]
[WhiteElo "2628"]
[BlackElo "2146"]
[Result "0-1"]
[Round "06"]
[TimeControl "180+1"]
[Date "2022.11.23"]
[WhiteClock "0:00:06"]
[BlackClock "0:00:08"]

1. d4 Nf6 2. c4 g6 3. Nf3 d5 4. cxd5 Bg7 5. g3 O-O 6. Bg2 Nxd5 7. O-O Nb6 8. Nc3 Nc6 9. e3 e5 10. d5 Ne7 11. e4 Bg4 12. h3 Bxf3 13. Qxf3 c6 14. Rd1 cxd5 15. exd5 Nf5 16. Qd3 Nd4 17. f4 Rc8 18. fxe5 Bxe5 19. Be3 Nf5 20. Bf2 Nc4 21. Rab1 Nxb2 22. Rxb2 Rxc3 23. Qe4 Bxg3 24. Bxa7 Qg5 25. Qg4 Qxg4 26. hxg4 Nd6 27. Rb3 Rfc8 28. Rxc3 Rxc3 29. Bb8 Kf8 30. Rb1 Nc4 31. Bxg3 Rxg3 32. Kf2 Ra3 33. Rxb7 Rxa2+ 34. Kg3 Ne3 35. Bf3 g5 36. d6 Nf1+ 0-1


[Site "https://www.chess.com"]

[Event "Titled Tuesday Blitz November 22 Early 2022"]
[White "Golubev, Mikhail"]
[Black "Hoffmann, Asa"]
[WhiteFideId "14100983"]
[BlackFideId "2001470"]
[WhiteElo "2374"]
[BlackElo "2117"]
[Result "0-1"]
[Round "06"]
[TimeControl "180+1"]
[Date "2022.11.23"]
[WhiteClock "0:00:05"]
[BlackClock "0:00:35"]

1. e4 d6 2. d4 Nf6 3. Nc3 c6 4. f4 Qa5 5. Bd3 e5 6. Nf3 exd4 7. Nxd4 Qb6 8. Nf3 Be7 9. Qe2 O-O 10. b3 Na6 11. Bb2 Nb4 12. O-O-O Re8 13. h3 Nh5 14. Rhe1 Nxf4 15. Qd2 Nbxd3+ 16. cxd3 Ng6 17. d4 h6 18. Kb1 Bd7 19. Ka1 Bf8 20. g4 Qd8 21. d5 c5 22. g5 h5 23. Ne2 Bxh3 24. Nf4 Nxf4 25. Qxf4 Bg4 26. e5 dxe5 27. Nxe5 Rxe5 28. Bxe5 Bxd1 29. Rxd1 Qd7 30. d6 Re8 31. Rd5 b6 32. Kb2 Qe6 33. Qc4 Rd8 34. Bc3 Rxd6 35. Rxd6 Qxc4 36. bxc4 Bxd6 0-1


[Site "https://www.chess.com"]

[Event "Titled Tuesday Blitz November 22 Early 2022"]
[White "Goncalves, Davi Sulzbacher"]
[Black "Zanette, Edgard Vinicius"]
[WhiteFideId "2154510"]
[BlackFideId "2109263"]
[WhiteElo "2182"]
[BlackElo "2211"]
[Result "1/2-1/2"]
[Round "06"]
[TimeControl "180+1"]
[Date "2022.11.23"]
[WhiteClock "0:00:10"]
[BlackClock "0:00:27"]

1. c4 Nf6 2. b3 g6 3. Bb2 Bg7 4. Nc3 O-O 5. e4 d6 6. Bd3 c5 7. Nge2 Nc6 8. Rc1 a6 9. O-O Rb8 10. Bb1 b5 11. cxb5 axb5 12. d4 c4 13. Nd5 Nxd5 14. exd5 Nb4 15. Nc3 Qb6 16. a4 cxb3 17. Nxb5 Nxd5 18. Qxb3 Be6 19. Rfe1 Bh6 20. Rcd1 Ne3 21. d5 Nxd1 22. Qxd1 Bd7 23. Bd4 Qa5 24. Bc3 Qd8 25. Qd4 f6 26. Bd3 Rf7 27. Qh4 Bg7 28. h3 f5 29. Bxg7 Kxg7 30. Nd4 e5 31. dxe6 Qxh4 32. Nf3 Qb4 33. exf7 Qxe1+ 34. Nxe1 Kxf7 35. a5 Bb5 36. Bc2 Bc4 37. f3 Ra8 38. Kf2 Rxa5 39. Ke3 Ra2 40. Kd4 d5 41. f4 Ke6 42. h4 Kd6 43. g3 Ra1 44. Nf3 Rc1 45. Ba4 Ra1 46. Be8 Ra3 47. Ne5 Rxg3 48. h5 gxh5 49. Bxh5 Rg1 50. Bf3 Rf1 51. Ke3 Kc5 52. Nd7+ Kb4 53. Bg2 Re1+ 54. Kf2 Re2+ 55. Kf3 Re7 56. Nf6 d4 57. Bh3 Re3+ 58. Kg2 d3 59. Bxf5 d2 60. Bg4 Re1 61. Kg3 h6 62. Kh4 d1=Q 63. Bxd1 Rxd1 64. Kh5 Rh1+ 65. Kg6 Bd3+ 66. f5 Kc5 67. Ng4 Kd4 68. Nxh6 Ke5 69. Kg5 Rg1+ 70. Ng4+ Kd6 71. Kf4 Be2 72. Ne3 Rg8 73. Ke4 Ba6 74. Kf4 Ke7 75. Nd5+ Kf7 76. Ke5 Bc8 77. Kf4 Rd8 78. Ne3 Rd3 79. Ng4 Rd4+ 80. Kg5 Rd5 81. Ne3 Re5 82. Kf4 Ra5 83. Ng4 Ra4+ 84. Kg5 Ra5 85. Ne3 Ra7 86. Kf4 Bd7 87. Ke5 Ra5+ 88. Ke4 Bc6+ 89. Kf4 Ra4+ 90. Kg5 Ra3 91. Ng4 Ra1 92. Ne5+ Ke7 93. Nxc6+ Kd6 94. Nd4 Ke5 95. Nf3+ Kd6 96. f6 Rf1 97. Nh4 Ke6 98. Ng6 Rxf6 99. Nf4+ Ke5 100. Ng6+ Ke6 101. Nf4+ Kf7 102. Kg4 Ra6 103. Kf5 Ra5+ 104. Ke4 Ke7 105. Kd4 Kd6 106. Ke4 Ra4+ 107. Kf5 Rb4 108. Ng6 Rd4 109. Nf4 Rc4 110. Ng6 Rc5+ 111. Kf6 Rd5 112. Ne7 Rd1 113. Nf5+ Kd7 114. Ng7 Rg1 115. Nf5 Rf1 116. Ke5 Kc6 117. Ke6 Re1+ 118. Kf6 Rf1 119. Ke5 Kd7 120. Kf6 Ke8 121. Ke6 Kf8 122. Kf6 Rf2 123. Ke6 Re2+ 124. Kf6 Ke8 125. Ng7+ Kd7 126. Nf5 Rf2 127. Ke5 Kc6 128. Ke6 Re2+ 129. Kf6 Kc5 130. Kg5 Rg2+ 131. Kf4 Rg1 132. Ke4 Re1+ 133. Ne3 Kb4 134. Kd3 Rh1 135. Nc2+ Kc5 136. Ne3 Rh3 137. Ke4 Kd6 138. Kd4 Rh4+ 139. Kd3 Kc6 140. Ke2 Rf4 141. Kd3 Kc5 142. Nc2 Rf3+ 143. Kd2 Rf2+ 144. Kd3 Rh2 145. Ne3 Rh3 146. Ke4 Kb4 147. Kd4 Rh4+ 148. Kd3 Kb3 1/2-1/2


[Site "https://www.chess.com"]

[Event "Titled Tuesday Blitz November 22 Early 2022"]
[White "Goryachkina, Aleksandra"]
[Black "Derjabin, Ilja"]
[WhiteFideId "4147103"]
[BlackFideId "14104768"]
[WhiteElo "2484"]
[BlackElo "2312"]
[Result "1-0"]
[Round "06"]
[TimeControl "180+1"]
[Date "2022.11.23"]
[WhiteClock "0:00:07"]
[BlackClock "0:00:04"]

1. e4 e6 2. d4 d5 3. Nc3 Nf6 4. Bg5 Be7 5. e5 Ne4 6. Bxe7 Qxe7 7. Bd3 Nxc3 8. bxc3 c5 9. dxc5 Qxc5 10. Qd2 Nc6 11. Nf3 h6 12. O-O O-O 13. Rab1 b6 14. Rb5 Qe7 15. c4 dxc4 16. Be4 Bb7 17. c3 Rfd8 18. Qf4 Rd7 19. h4 Rad8 20. Rbb1 f5 21. exf6 Qxf6 22. Qe3 Rf8 23. Rfe1 Re7 24. h5 Kh8 25. Rbd1 Ba8 26. Bxc6 Bxc6 27. Ne5 Be8 28. Nxc4 Bxh5 29. Rd6 Rc7 30. Ne5 Qg5 31. Qxg5 hxg5 32. Re3 Kg8 33. Rxe6 Bd1 34. a3 b5 35. Rg3 g4 36. Re3 a5 37. Rd6 Bb3 38. Rd4 a4 39. Nxg4 Rcf7 40. f3 Bc4 41. Ne5 Rc7 42. Kf2 Rc5 43. Nxc4 bxc4 44. Ree4 Rb8 45. Rxc4 Rxc4 46. Rxc4 Rb3 47. Rxa4 Rxc3 48. Kg3 Kf7 49. Ra7+ Kg6 50. Ra6+ Kh7 51. Kf4 Rc2 52. g4 Ra2 53. a4 Ra3 54. a5 Ra4+ 55. Kg5 Ra3 56. f4 Ra1 57. f5 Rb1 58. Ra7 Kh8 59. Rc7 Kh7 60. Rc5 Ra1 61. Rb5 Ra2 62. Re5 Ra3 63. Rd5 Ra4 64. Kh5 Ra1 65. g5 Rh1+ 66. Kg4 Rg1+ 67. Kf4 Rf1+ 68. Ke5 Re1+ 69. Kd6 Ra1 70. g6+ Kh6 71. Kc6 Kg5 72. Kb6 Kf6 73. a6 Rb1+ 74. Rb5 1-0


[Site "https://www.chess.com"]

[Event "Titled Tuesday Blitz November 22 Early 2022"]
[White "Grabinsky, Vladimir"]
[Black "Koridze, Lile"]
[WhiteFideId "14107074"]
[BlackFideId "13612514"]
[WhiteElo "2198"]
[BlackElo "2050"]
[Result "0-1"]
[Round "06"]
[TimeControl "180+1"]
[Date "2022.11.23"]
[WhiteClock "0:00:01"]
[BlackClock "0:00:42"]

1. e4 c5 2. b4 cxb4 3. a3 bxa3 4. d4 e6 5. c3 d5 6. e5 Nc6 7. Nxa3 a6 8. Bd3 Bd7 9. Ne2 b5 10. Nc2 Na5 11. h4 h6 12. Ba3 Nc4 13. Bxf8 Kxf8 14. Rh3 Ne7 15. Qc1 a5 16. Rf3 g6 17. Qf4 Be8 18. Qf6 Kg8 19. h5 Nf5 20. Qxd8 Rxd8 21. Bxc4 bxc4 22. Rxa5 Rb8 23. hxg6 fxg6 24. g4 Nh4 25. Rf6 Rb6 26. Nf4 Rb1+ 27. Ke2 Rb2 28. Kd1 Rb1+ 29. Kd2 Nf3+ 30. Ke3 Nh2 31. Nxe6 Nxg4+ 32. Kd2 Nxf6 33. exf6 Kf7 34. Nf4 Kxf6 35. Nxd5+ Ke6 36. Nce3 h5 37. Nxc4 h4 38. Nf4+ Kd7 39. Ne5+ Kc7 40. Ra7+ Rb7 41. Ra6 h3 42. Ra1 h2 43. Rh1 Rb2+ 44. Ke3 g5 45. Nfd3 Rb3 46. c4 Rh3+ 47. f3 Bh5 0-1


[Site "https://www.chess.com"]

[Event "Titled Tuesday Blitz November 22 Early 2022"]
[White "Grandelius, Nils"]
[Black "Keymer, Vincent"]
[WhiteFideId "1710400"]
[BlackFideId "12940690"]
[WhiteElo "2617"]
[BlackElo "2600"]
[Result "1-0"]
[Round "06"]
[TimeControl "180+1"]
[Date "2022.11.22"]
[WhiteClock "0:00:06"]
[BlackClock "0:00:02"]

1. Nf3 d5 2. g3 Bg4 3. Bg2 c6 4. h3 Bh5 5. O-O Nd7 6. d4 Ngf6 7. c4 e6 8. cxd5 exd5 9. Ne5 Ne4 10. Bxe4 dxe4 11. Nc3 Be7 12. Bf4 f6 13. Nc4 Bf7 14. d5 Nc5 15. d6 Bxc4 16. dxe7 Qxd1 17. Rfxd1 b6 18. Rd4 Be6 19. b4 Nb7 20. Rxe4 Kxe7 21. b5 Rac8 22. bxc6 Rxc6 23. Nb5 Nc5 24. Re3 a6 25. Nd4 Rcc8 26. Nf5+ Kd7 27. Rd1+ Kc6 28. Nd4+ 1-0


[Site "https://www.chess.com"]

[Event "Titled Tuesday Blitz November 22 Early 2022"]
[White "Gurevich, Dmitry"]
[Black "Bristy, Mukherjee"]
[WhiteFideId "2000407"]
[BlackFideId "25077325"]
[WhiteElo "2506"]
[BlackElo "1715"]
[Result "1-0"]
[Round "06"]
[TimeControl "180+1"]
[Date "2022.11.23"]
[WhiteClock "0:01:43"]
[BlackClock "0:01:34"]

1. d4 f5 2. Nf3 Nf6 3. Bg5 e6 4. Nbd2 d5 5. e3 Be7 6. c4 c6 7. Bd3 O-O 8. O-O Ne4 9. Bxe7 Qxe7 10. Ne5 Nd7 11. Nxd7 Bxd7 12. f3 Nxd2 13. Qxd2 Be8 14. Rae1 Bg6 15. Qc3 Kh8 16. b4 a5 17. bxa5 Qc7 18. Rb1 Rxa5 19. Rxb7 Qxb7 20. Qxa5 Ra8 21. Qd2 Qa7 22. Rb1 h6 23. Rb2 Qa3 24. c5 Be8 25. h3 Qa4 26. Kh2 f4 27. Rb4 fxe3 28. Rxa4 1-0


[Site "https://www.chess.com"]

[Event "Titled Tuesday Blitz November 22 Early 2022"]
[White "Heinemann, Josefine"]
[Black "Yurovskykh, Oleksandr"]
[WhiteFideId "12900460"]
[BlackFideId "14134020"]
[WhiteElo "2300"]
[BlackElo "2265"]
[Result "0-1"]
[Round "06"]
[TimeControl "180+1"]
[Date "2022.11.23"]
[WhiteClock "0:00:11"]
[BlackClock "0:00:20"]

1. Nf3 g6 2. d4 Bg7 3. e4 d6 4. Nc3 a6 5. a4 b6 6. Bd3 Bb7 7. a5 b5 8. O-O Nd7 9. Re1 c5 10. Bf1 cxd4 11. Nxd4 Ngf6 12. Bg5 O-O 13. f3 Rc8 14. Qd2 Ne5 15. b3 Qc7 16. Na2 Rfe8 17. Nb4 Nfd7 18. Be3 Nc5 19. Rec1 Ne6 20. Nxe6 fxe6 21. Bd4 Qd7 22. f4 Nc6 23. Bxg7 Kxg7 24. Nxc6 Bxc6 25. Bd3 Qb7 26. Qe2 Qa7+ 27. Kh1 Qd4 28. h4 Qc3 29. h5 Rf8 30. hxg6 hxg6 31. g3 e5 32. fxe5 Qxe5 33. Kg2 Rf6 34. Rf1 Rcf8 35. Rxf6 exf6 36. Re1 Rh8 37. Qe3 Qe7 38. Kg1 Qd7 39. Rf1 Rh3 40. Qf4 Qe6 41. Kf2 Bd7 42. Ke1 Qe5 43. Qxe5 dxe5 44. Kf2 Be6 45. Kg2 Rh8 46. c4 Bh3+ 47. Kf2 Bxf1 48. Kxf1 b4 49. c5 Rc8 50. Bxa6 Rxc5 0-1


[Site "https://www.chess.com"]

[Event "Titled Tuesday Blitz November 22 Early 2022"]
[White "Hristodoulou, Panagiotis"]
[Black "Miszler, Levente"]
[WhiteFideId "4214340"]
[BlackFideId "763276"]
[WhiteElo "2272"]
[BlackElo "2176"]
[Result "1-0"]
[Round "06"]
[TimeControl "180+1"]
[Date "2022.11.23"]
[WhiteClock "0:00:04"]
[BlackClock "0:00:07"]

1. e4 e6 2. d4 d5 3. Nc3 f5 4. exf5 exf5 5. Bd3 Nf6 6. Nge2 Bd6 7. Bg5 O-O 8. Nxd5 h6 9. Nxf6+ gxf6 10. Bxh6 Re8 11. Qd2 Nc6 12. c3 Qe7 13. Bf4 Be6 14. O-O Kf7 15. Bxd6 Qxd6 16. Nf4 Rh8 17. Rae1 Bxa2 18. Bxf5 Rag8 19. d5 Ne5 20. Be6+ Kf8 21. Bxg8 Rxg8 22. f3 Qb6+ 23. Kh1 Bc4 24. Rf2 Rh8 25. Qd4 Qd6 26. Rxe5 fxe5 27. Ne6+ Qxe6 28. Qxc4 Qh6 29. h3 Rg8 30. Re2 Qg5 31. Qc5+ Ke8 32. Qe3 Kd7 33. Qxg5 Rxg5 34. h4 Rf5 35. Re3 Kd6 36. g4 Rf7 37. Kg1 Kxd5 38. Kg2 a5 39. Kg3 b5 40. h5 a4 41. g5 Ke6 42. Re4 Kf5 43. g6 Rg7 44. Kh4 c5 45. Re2 b4 46. cxb4 cxb4 47. Re4 Rb7 48. Rg4 a3 49. bxa3 bxa3 50. g7 a2 51. g8=Q a1=Q 52. Qg6# 1-0


[Site "https://www.chess.com"]

[Event "Titled Tuesday Blitz November 22 Early 2022"]
[White "Ibarra Jerez, Jose Carlos"]
[Black "Drygalov, Sergey"]
[WhiteFideId "2226332"]
[BlackFideId "24171743"]
[WhiteElo "2638"]
[BlackElo "2528"]
[Result "1-0"]
[Round "06"]
[TimeControl "180+1"]
[Date "2022.11.22"]
[WhiteClock "0:01:05"]
[BlackClock "0:00:29"]

1. e4 c5 2. Nc3 d6 3. d4 cxd4 4. Qxd4 Nc6 5. Qd2 Nf6 6. b3 e6 7. Bb2 d5 8. exd5 exd5 9. O-O-O Bb4 10. a3 Bxc3 11. Qxc3 O-O 12. Nf3 Bg4 13. h3 Bh5 14. g4 Bg6 15. Bd3 Rc8 16. g5 Nh5 17. Kb1 a5 18. Qd2 Kh8 19. Bxg6 fxg6 20. Ne5 Qc7 21. Rhe1 a4 22. b4 Nf4 23. Nxc6 bxc6 24. Be5 Qf7 25. Bd6 Ng2 26. Bxf8 Nxe1 27. Bxg7+ Qxg7 28. Rxe1 Rf8 29. Re6 Qd7 30. Qc3+ Qg7 31. Qxg7+ Kxg7 32. Rxc6 Rxf2 33. Rc7+ Kg8 34. b5 1-0


[Site "https://www.chess.com"]

[Event "Titled Tuesday Blitz November 22 Early 2022"]
[White "Ilkhomi, Jaloliddin"]
[Black "Krysa, Leandro"]
[WhiteFideId "14700948"]
[BlackFideId "116807"]
[WhiteElo "2045"]
[BlackElo "2485"]
[Result "0-1"]
[Round "06"]
[TimeControl "180+1"]
[Date "2022.11.23"]
[WhiteClock "0:00:17"]
[BlackClock "0:00:12"]

1. d4 Nf6 2. Nf3 g6 3. g3 Bg7 4. Bg2 O-O 5. O-O d5 6. b3 c5 7. e3 cxd4 8. exd4 Nc6 9. Bb2 Bf5 10. a3 Rc8 11. Nbd2 Qb6 12. c4 Rfd8 13. c5 Qa6 14. Re1 e6 15. b4 b6 16. Ne5 Nxe5 17. dxe5 Nd7 18. Bf1 Bd3 19. cxb6 Nxb6 20. Bxd3 Qxd3 21. Nf3 Qxd1 22. Rexd1 Rc2 23. Bd4 Bh6 24. Bxb6 axb6 25. Nd4 Rc4 26. f4 Bf8 27. Rac1 Rdc8 28. Rxc4 Rxc4 29. Rd3 Be7 30. Kf2 Kf8 31. Ke3 Ke8 32. Kd2 Kd7 33. Nf3 h6 34. Rc3 Re4 35. Re3 Rc4 36. Rc3 Re4 37. Re3 Rxe3 38. Kxe3 f6 39. Kd3 g5 40. fxg5 hxg5 41. exf6 Bxf6 42. h4 gxh4 43. gxh4 e5 44. Ng5 e4+ 45. Ke3 b5 46. Nf7 Ke6 47. Nd8+ Bxd8 48. h5 Bg5+ 49. Kd4 Bf6+ 50. Ke3 Ke5 51. h6 d4+ 52. Ke2 Kf4 53. h7 Bh8 54. a4 bxa4 55. b5 Ke5 56. b6 Kd6 57. b7 Kc7 58. b8=Q+ Kxb8 59. Kf2 Kc7 60. Kg3 Kd6 61. Kg4 Kd5 62. Kh5 a3 63. Kg6 a2 64. Kf7 a1=Q 65. Kg8 Qa7 66. Kxh8 Qxh7+ 67. Kxh7 e3 68. Kg7 e2 69. Kf7 e1=Q 70. Kg6 Qf2 71. Kh5 Qg2 72. Kh4 Ke5 73. Kh5 Kf6 74. Kh6 Qh2# 0-1


[Site "https://www.chess.com"]

[Event "Titled Tuesday Blitz November 22 Early 2022"]
[White "Indjic, Aleksandar"]
[Black "Averjanov, Alexey"]
[WhiteFideId "911925"]
[BlackFideId "14109867"]
[WhiteElo "2592"]
[BlackElo "2606"]
[Result "1-0"]
[Round "06"]
[TimeControl "180+1"]
[Date "2022.11.23"]
[WhiteClock "0:00:47"]
[BlackClock "0:00:01"]

1. e4 c6 2. d4 d5 3. e5 Bf5 4. h4 h5 5. Bd3 Bxd3 6. Qxd3 e6 7. Bg5 Qa5+ 8. Nd2 Qa6 9. c4 Bb4 10. b3 Ne7 11. Ne2 Ng6 12. O-O Nd7 13. Nf3 Be7 14. a4 Bxg5 15. hxg5 c5 16. Rfe1 O-O 17. Nc3 dxc4 18. bxc4 cxd4 19. Nb5 Nc5 20. Qa3 Rac8 21. Nfxd4 Rfd8 22. Qf3 Qa5 23. Qxh5 Nd3 24. Re3 Qd2 25. Re2 Qf4 26. Nxe6 fxe6 27. Qxg6 Rxc4 28. Qxe6+ Kh8 29. Nd6 Rc1+ 30. Rxc1 Qxc1+ 31. Kh2 Qf4+ 32. g3 Qf3 33. Nf7+ 1-0


[Site "https://www.chess.com"]